 Dungeon Crawl Stone Soup version 0.30-a0-691-g754fce4c43 (console) character file.

Game seed: 15795884984298405576

18 jejorda2 the Trooper (level 2, -1/24 HPs)
             Began as a Merfolk Berserker on Jan 19, 2023.
             Was a Follower of Trog.
             Slain by a hobgoblin (3 damage)
             ... on level 2 of the Dungeon.
             The game lasted 00:02:25 (952 turns).

jejorda2 the Trooper (Merfolk Berserker)             Turns: 952, Time: 00:02:26

Health: -1/24      AC:  3    Str: 17    XL:     2   Next: 66%
Magic:  2/2        EV: 12    Int:  6    God:    Trog [*.....]
Gold:   129        SH:  0    Dex: 13    Spells: 1/1 levels left

rFire   . . .      SeeInvis .    a - +0 hand axe
rCold   . . .      Faith    .    (no shield)
rNeg    . . .      Spirit   .    c - +0 leather armour
rPois   .          Reflect  .    (no helmet)
rElec   .          Harm     .    (no cloak)
rCorr   .          Rampage  .    (no gloves)
Will    .....                    (no boots)
Stlth   +                        (no amulet)
HPRegen 0.24/turn                (no ring)
MPRegen 0.08/turn                (no ring)

@: on berserk cooldown, hasted and slowed
A: (nimble swimmer 2), mertail
a: Renounce Religion, Berserk


You were on level 2 of the Dungeon.
You worshipped Trog.
Trog was aware of your devotion.
You visited 1 branch of the dungeon, and saw 2 of its levels.

You collected 129 gold pieces.

Inventory:

Hand Weapons
 a - a +0 hand axe (weapon)
 b - a +0 spear
Missiles
 i - 7 stones (quivered)
Armour
 c - a +0 leather armour (worn)
Scrolls
 e - 2 scrolls of identify {unknown}
 f - 2 scrolls of immolation {unknown}
 g - a scroll of enchant armour {unknown}
 h - a scroll of teleportation {unknown}
Potions
 k - a potion of mutation {unknown}


   Skills:
 + Level 3.5 Fighting
 * Level 2.7(2.8) Axes
 + Level 1.1(3.0) Polearms
 - Level 1.3 Armour
 + Level 3.0 Dodging


You had one spell level left.
You didn't know any spells.
Your spell library was empty.

Dungeon Overview and Level Annotations

Branches:
Dungeon (2/15)

Altars:

Shops:
D:1 *


Innate Abilities, Weirdness & Mutations

((You are very nimble when in or above water. (Stealth+, EV+, Speed+++)))
Your lower body shifts to a powerful aquatic tail in water.


Message History

You are frozen.
The rat bites you.
You are too injured to fight recklessly!
You are too injured to fight recklessly!
A red film seems to cover your vision as you go berserk!
You feel yourself moving faster!
You feel mighty!
The kobold shouts!
The endoplasm freezes you.
You are frozen.
* * * LOW HITPOINT WARNING * * *
The rat bites you but does no damage. Something hits you but does no damage.
You slash the rat!
You kill the rat!
Trog accepts your kill.
You miss something. You hit the endoplasm.
You feel the power of Trog in you as your rage grows.
You kill the endoplasm!
Trog accepts your kill. Something hits you.
* * * LOW HITPOINT WARNING * * *
You see here a +0 dagger.
You slash the kobold!
You kill the kobold!
Trog accepts your kill.
You miss something. Something hits you.
* * * LOW HITPOINT WARNING * * *
You feel a strong urge to attack something.
You feel your anger nearly subside.
You are no longer berserk.
You are exhausted.
You feel yourself slow down. Something hits you.
* * * LOW HITPOINT WARNING * * *
It was a potion of haste.
You feel yourself speed up. Something completely misses you.
It was a potion of berserk rage.
You're still recovering from your berserk rage.
Something hits you.
* * * LOW HITPOINT WARNING * * *
Something hits you.
You die...

#....#.#.#.#....
###...............
#......#.#.#.#....
#...............#.
#......#.#.#.#..#
###...............
#...#.#.#.#.#....
....######...#............
........##.@.######......
........##...#### #####
........#.......#
........#.#.#.#.##
........+........#
........#.#.#.#..#
.................#
########..#.#.#..#
#.........#


There were no monsters in sight!

Vanquished Creatures
  A ball python (D:1)
  3 endoplasms
  A goblin (D:2)
  2 hobgoblins (D:1)
  3 jackals (D:1)
  A kobold (D:2)
  A bat (D:1)
  3 rats
15 creatures vanquished.

Notes
Turn   | Place    | Note
-------+----------+-------------------------------------------
     0 | D:1      | jejorda2 the Merfolk Berserker began the quest for the Orb.
     0 | D:1      | Reached XP level 1. HP: 18/18 MP: 1/1
   199 | D:1      | Found Rinuileo's General Store.
   204 | D:1      | Reached XP level 2. HP: 24/24 MP: 2/2
   259 | D:1      | Reached skill level 1 in Polearms
   952 | D:2      | Slain by a hobgoblin

Illustrated notes

Levels and vault maps discovered:
D:1:      lightli_arrival_statuegarden, layout_basic, serial_shops, shop_coins,
          hangedman_decor_push, minivault_5
D:2:      layout_basic, serial_shops, shop, serial_glass, glass_columns_b,
          glass_columns_c, glass_columns_b, glass_columns_a, glass_columns_b,
          glass_columns_c, uniq_terence, uniq_sigmund

Skill      XL: |  1  2 |
---------------+-------+-----
Polearms       | 1 |  1.1
Dodging        | 3 |  3.0
Fighting       | |  3.5
Axes           | |  2.7
Armour         | |  1.3

Action                   || total
-------------------------++-------
Melee: Hand axe          ||    50
       Punch             ||     1
Invok: Berserk           ||     1
  Use: Potion            ||     2
Armor: Leather armour    ||    20
Dodge: Dodged            ||    47

Table legend: (Time is in decaauts)
 A = Elapsed time spent in this place.
 B = Non-inter-level travel time spent in this place.
 C = Inter-level travel time spent in this place.
 D = Time resting spent in this place.
 E = Time spent auto-exploring this place.
 F = Levels seen in this place.
 G = Mean time per level.
                   A        B        C        D        E       F      G
               +--------+--------+--------+--------+--------+-----+--------+
         Total |    960 |    916 |     44 |      0 |    747 |   2 |  480.0 |
       Dungeon |    960 |    916 |     44 |      0 |    747 |   2 |  480.0 |
               +--------+--------+--------+--------+--------+-----+--------+

Top non-repeatable levels by time:
     D:1: 878 daAuts
     D:2: 81 daAuts
